 Dungeon Crawl Stone Soup version 0.31-a0-1036-g31867e143a (webtiles) character file.

Game seed: 1604737329060813717

338710 GordonOverkill the Cryomancer (level 21, -7/110 HPs)
             Began as a Spriggan Delver on Nov 15, 2023.
             Was a High Priest of Sif Muna.
             Mangled by a +2 glaive of venom (35 damage)
             ... on level 2 of the Elven Halls on Nov 19, 2023.
             The game lasted 03:02:35 (73098 turns).

GordonOverkill the Cryomancer (Spriggan Delver)    Turns: 73098, Time: 03:02:35

Health: -7/110     AC: 12    Str:  8    XL:     21   Next: 3%
Magic:  44/53      EV: 17    Int: 32    God:    Sif Muna [*****.]
Gold:   3080       SH:  0    Dex: 18    Spells: 13/54 levels left

rFire   + . .        B - staff of cold
rCold   + . .        (shield currently unavailable)
rNeg    . . .        J - +3 steam dragon scales
rPois   .            I - +3 hat of Pondering {ponderous, Will+ MP+10 Int+5}
rElec   .            n - +0 cloak "Keoppal" {+Blink rF+}
rCorr   .            (gloves unavailable)
SInv    +            (boots unavailable)
Will    ++++.        e - amulet of regeneration
Stlth   ++++         g - +6 ring of intelligence
HPRegen 1.18/turn    Y - ring of wizardry
MPRegen 0.33/turn

%: wizardry (x1)
@: lethally poisoned (-7 -> -34), in a vortex, flying (expiring), very quick
A: very small, no large weapons, unfitting armour, see invisible, speed 3
}: 2/15 runes: decaying, gossamer
a: Renounce Religion, Evoke Blink, Channel Magic, Forget Spell, Divine Exegesis


You were on level 2 of the Elven Halls.
You worshipped Sif Muna.
Sif Muna was extremely pleased with you.
You visited 7 branches of the dungeon, and saw 36 of its levels.
You also visited: Ossuary, Bailey and Wizlab.

You collected 6183 gold pieces.
You spent 3103 gold pieces at shops.

Inventory:

Hand Weapons
 R - the +8 pair of quick blades "Gyre" and "Gimble" {protect}
   (You found it on level 10 of the Dungeon)
 Z - a +3 quick blade of electrocution
Missiles
 b - 9 curare-tipped darts (quivered)
 N - 2 throwing nets
Armour
 n - the +0 cloak "Keoppal" (worn) {+Blink rF+}
   (You found it on level 4 of the Dungeon)

   rF+:       It protects you from fire.
   +Blink:    It lets you blink.
 I - the +3 hat of Pondering (worn) {ponderous, Will+ MP+10 Int+5}
   (You took it off Gastronok on level 2 of the Lair of Beasts)

   Int+5:     It affects your intelligence (+5).
   Will+:     It increases your willpower.
   MP+10:     It affects your magic capacity (+10).
 J - +3 steam dragon scales (worn)
 P - the +3 robe of Clouds {*Thunder rCloud rElec}
   (You took it off a Cloud Mage in a wizard's laboratory)

   *Thunder:  It occasionally creates storm clouds above nearby enemies.
   rCloud:    It grants its wearer immunity to clouds.
   rElec:     It insulates you from electricity.
Magical Staves
 B - a staff of cold (weapon)
 X - the staff of the Firefly {rPois Int+2 Dex+3 Poison}
   (You found it on level 1 of the Lair of Beasts)

   [staff of poison]

   Base accuracy: +5 Base damage: 5 Base attack delay: 1.2 This weapon's minimum
   attack delay (0.6) is reached at skill level 12.
   Int+2:     It affects your intelligence (+2).
   Dex+3:     It affects your dexterity (+3).
   rPois:     It protects you from poison Poison: It increases the power of your
   Poison spells.
   It falls into the 'Staves' category.
   It is a two-handed weapon.
Jewellery
 a - a ring of flight
 e - an amulet of regeneration (around neck)
 g - a +6 ring of intelligence (left hand)
 F - a ring of protection from fire
 Y - a ring of wizardry (right hand)
Wands
 k - a wand of digging (5)
 r - a wand of mindburst (9)
 w - a wand of quicksilver (19)
 M - a wand of iceblast (23)
 S - a wand of flame (31)
 T - a wand of paralysis (23)
Scrolls
 c - 6 scrolls of fog
 d - 9 scrolls of revelation
 i - 22 scrolls of teleportation
 p - 5 scrolls of fear
 v - 21 scrolls of identify
 x - 6 scrolls of amnesia
 y - 10 scrolls of summoning
 C - 4 scrolls of vulnerability
 D - 3 scrolls of silence
 O - 9 scrolls of immolation
Potions
 f - 2 potions of cancellation
 h - 5 potions of enlightenment
 m - 9 potions of curing
 o - 7 potions of heal wounds
 t - 6 potions of mutation
 u - 7 potions of magic
 z - 6 potions of ambrosia
 A - 6 potions of brilliance
 G - 3 potions of invisibility
 H - 7 potions of haste
 K - 7 potions of lignification
 U - 4 potions of berserk rage
 V - 4 potions of might
 W - a potion of resistance
Miscellaneous
 j - a box of beasts
 s - a lightning rod (4/4)
 Q - a phantom mirror


   Skills:
 + Level 11.9 Fighting
 - Level 9.0 Short Blades
 - Level 1.0 Throwing
 - Level 2.6 Dodging
 - Level 7.2 Stealth
 - Level 17.0 Spellcasting
 + Level 3.2 Conjurations
 - Level 10.0 Necromancy
 - Level 1.0 Transmutations
 - Level 23.0 Ice Magic
 - Level 10.0 Earth Magic
 - Level 10.0 Invocations
 - Level 5.0 Evocations


You had 13 spell levels left.
You knew the following spells:

 Your Spells              Type           Power      Damage    Failure   Level
a - Borgnjor's Vile Clut  Necr/Erth      37%        N/A       1%          5
b - Brom's Barrelling Bo  Conj/Erth      62%        2d8       1%          4
c - Ozocubu's Refrigerat  Ice            65%        4d22      1%          7
d - Blink                 Tloc           54%        N/A       1%          2
e - Dispel Undead         Necr           74%        3d25      1%          4
f - Passwall              Tmut/Erth      48%        N/A       1%          2
g - Polar Vortex          Ice            65%        12d8*     4%          9
h - Lehudib's Crystal Sp  Conj/Erth      31%        10d8      92%         8

Your spell library contained the following spells:

 Spells                   Type           Power      Damage    Failure   Level
 Freeze                   Ice            100%       1d10      0%          1
 Ensorcelled Hibernation  Hex/Ice        100%       N/A       0%          2
 Hailstorm                Conj/Ice       100%       3d20      0%          3
 Ozocubu's Armour         Ice            100%       N/A       0%          3
 Foxfire                  Conj/Fire      100%       2x1d9     1%          1
 Kiss of Death            Conj/Necr      100%       2d13      1%          1
 Magic Dart               Conj           100%       1d8       1%          1
 Necrotise                Necr           100%       1d9       1%          1
 Shock                    Conj/Air       100%       1d9       1%          1
 Slow                     Hex            100%       N/A       1%          1
 Sting                    Tmut/Pois      100%       1d8       1%          1
 Call Imp                 Summ           54%        N/A       1%          2
 Cigotuvi's Dreadful Rot  Necr/Pois/Air  96%        N/A       1%          2
 Lesser Beckoning         Tloc           54%        N/A       1%          2
 Momentum Strike          Conj/Tloc      74%        3d10      1%          2
 Poisonous Vapours        Pois/Air       54%        N/A       1%          2
 Searing Ray              Conj           94%        2d7       1%          2
 Static Discharge         Conj/Air       74%        3-7/arc   1%          2
 Sublimation of Blood     Necr           74%        N/A       1%          2
 Wereblood                Tmut           33%        N/A       1%          2
 Confusing Touch          Hex            27%        N/A       1%          3
 Dazzling Flash           Conj/Hex       74%        N/A       1%          3
 Gell's Gravitas          Tloc           27%        N/A       1%          3
 Ignite Poison            Fire/Tmut/Pois 29%        N/A       1%          3
 Inner Flame              Hex/Fire       27%        N/A       1%          3
 Mephitic Cloud           Conj/Pois/Air  34%        N/A       1%          3
 Sigil of Binding         Hex            27%        N/A       1%          3
 Stone Arrow              Conj/Erth      100%       3d13      1%          3
 Summon Guardian Golem    Hex/Summ       27%        N/A       1%          3
 Swiftness                Air            27%        N/A       1%          3
 Teleport Other           Tloc           27%        N/A       1%          3
 Vampiric Draining        Necr           74%        2d11      1%          3
 Volatile Blastmotes      Fire/Tloc      54%        2d14      1%          3
 Anguish                  Hex/Necr       28%        N/A       1%          4
 Animate Armour           Summ/Erth      100%       N/A       1%          4
 Animate Dead             Necr           74%        N/A       1%          4
 Leda's Liquefaction      Hex/Erth       28%        N/A       1%          4
 Petrify                  Tmut/Erth      58%        N/A       1%          4
 Summon Ice Beast         Ice/Summ       100%       N/A       1%          4
 Agony                    Necr           74%        N/A       1%          5
 Freezing Cloud           Conj/Ice/Air   45%        6-21      1%          5
 Lee's Rapid Deconstruct  Erth           37%        3d18*     1%          5
 Metabolic Englaciation   Hex/Ice        50%        N/A       1%          5
 Death Channel            Necr           37%        N/A       1%          6
 Simulacrum               Ice/Necr       57%        N/A       1%          6
 Flame Wave               Conj/Fire      37%        2d10      3%          4
 Fulminant Prism          Conj/Hex       18%        3d11      3%          4
 Iskenderun's Mystic Bla  Conj/Tloc      37%        2d9       3%          4
 Sticky Flame             Conj/Fire      37%        2d6       3%          4
 Iskenderun's Battlesphe  Conj           47%        2d10      4%          5
 Airstrike                Air            13%        2d(2-18)  6%          4
 Cause Fear               Hex            13%        N/A       6%          4
 Manifold Assault         Tloc           27%        N/A       6%          4
 Olgreb's Toxic Radiance  Pois           27%        N/A       6%          4
 Vhi's Electric Charge    Tloc/Air       54%        N/A       6%          4
 Bombard                  Conj/Erth      31%        9d6       6%          6
 Irradiate                Conj/Tmut      20%        3d18      7%          5
 Arcjolt                  Conj/Air       18%        1d28      9%          5
 Fireball                 Conj/Fire      18%        3d9       9%          5
 Alistair's Intoxication  Tmut/Pois      20%        N/A       13%         5
 Yara's Violent Unravell  Hex/Tmut       15%        3d8       13%         5
 Silence                  Hex/Air        13%        N/A       16%         5
 Summon Forest            Summ/Tloc      13%        N/A       16%         5
 Summon Mana Viper        Hex/Summ       27%        N/A       16%         5
 Conjure Ball Lightning   Conj/Air       18%        3x3d6     41%         6
 Starburst                Conj/Fire      18%        6d7       41%         6
 Haunt                    Necr/Summ      28%        N/A       52%         7
 Borgnjor's Revivificati  Necr           37%        N/A       52%         8
 Infestation              Necr           37%        N/A       52%         8
 Eringya's Noxious Bog    Tmut/Pois      15%        4d6       56%         6
 Dispersal                Tloc           13%        N/A       63%         6
 Plasma Beam              Fire/Air       13%        2x1d24    63%         6
 Summon Cactus Giant      Summ           13%        N/A       63%         6
 Orb of Destruction       Conj           23%        9d8       77%         7
 Enfeeble                 Hex            13%        N/A       99%         7
 Monstrous Menagerie      Summ           13%        N/A       99%         7
 Summon Hydra             Summ           13%        N/A       99%         7
 Maxwell's Capacitive Co  Air            13%        ∞         100%        8
 Chain Lightning          Conj/Air       18%        3d24      100%        9
 Death's Door             Necr           37%        N/A       100%        9
 Dragon's Call            Summ           13%        N/A       100%        9


Dungeon Overview and Level Annotations

Branches:
Dungeon (15/15)            Temple (0/1) D:4            Lair (5/5) D:11
  Swamp (4/4) Lair:2       Spider (4/4) Lair:2        Slime (0/5) Lair:4
    Orc (2/2) D:9             Elf (2/3) Orc:2        Vaults (4/5) D:13
  Crypt (0/3) Vaults:3     Depths (0/4) D:15        Ossuary (visited)
 Bailey (visited)          WizLab (visited)

Altars:
Cheibriados
Fedhas
Gozag
Kikubaaqudgha
Ru
Sif Muna
Vehumet
Wu Jian
Jiyva

Shops:
D:5 :   D:7 *   D:11 *   Orc:1 **=   Orc:2 *(:?*   Elf:1 [

Annotations:
D:4 Vontreibholz's ghost, amateur HOFi
D:12 4 runed translucent doors
Swamp:1 Mlioglotl
Elf:1 Roxanne


Innate Abilities, Weirdness & Mutations

You are very small and have problems with some larger weapons.
You are too small for most types of armour.
You have supernaturally acute eyesight. (SInv)
You cover ground extremely quickly. (Speed+++)


Message History

The +0 shortbow falls from the air.
Sif Muna accepts your kill.
The +0 triple crossbow falls from the air.
Sif Muna accepts your kill.
You see here a +0 sling.
The winds around you start to calm down.
You float gracefully downwards.
You start resting.
You are engulfed in whirling frost.
You start resting.
You are engulfed in whirling frost.
You start resting.
The winds around you calm down.
HP restored.
You start resting.
Magic restored.
You see here a +0 sling.
The deep elf pyromancer shouts!
You hear a shout!
Could not explore, unopened runed door.
Could not explore, unopened runed door.
Could not explore, unopened runed door.
Could not explore, unopened runed door.
You open the gate.
The +2 glaive of venom hits you from afar!
You are poisoned.
Casting: Polar Vortex (dangerous; 4% risk of failure)
Confirm with . or Enter, or press ? or * to list all spells.
You feel a surge of power!
A great freezing vortex appears and lifts you up.
You feel very sick.
The +2 glaive of venom hits you from afar!!
You are more poisoned.
The +1 glaive of freezing hits you from afar!!
* * * LOW HITPOINT WARNING * * *
The +1 glaive of freezing freezes you.
* * * LOW HITPOINT WARNING * * *
The +1 glaive of freezing hits you from afar!!
* * * LOW HITPOINT WARNING * * *
The +1 glaive of freezing freezes you.
* * * LOW HITPOINT WARNING * * *
The +2 glaive of venom hits you from afar!!
You die...

...#.....#...
..#.......#..
#......(..#
...........
...(... #((e#
##§('##
###@§...###
##.§§§.....##
#.§.§.......#
##...........##
#.............#
#.............#
#.............#
#..)..........#
#..)..........#


You could see a deep elf pyromancer and 5 dancing weapons.

Vanquished Creatures
  the Lernaean hydra (Swamp:4)
  Arachne (Spider:3)
  A Cloud Mage (WizLab)
  Asterion (Elf:1)
  Jorgrun (Swamp:1)
  2 thorn hunters
  Gastronok (Lair:2)
  A revenant (Vaults:3)
  The ghost of MacCMillion the Brawler, a journeyman TrSh of Wu Jian (Lair:2)
  Kirke (Elf:1)
  A storm dragon (D:15)
  A fire giant (Vaults:1)
  A frost giant (Vaults:2)
  Louise (Swamp:1)
  A deep elf sorcerer (Elf:1)
  3 emperor scorpions
  2 ghost moths
  12 vault wardens
  A ghoul (Vaults:3)
  5 orc warlords
  16 ironbound preservers
  A formless jellyfish (Vaults:1)
  3 war gargoyles
  6 ironbound thunderhulks
  An eleionoma (Swamp:3)
  6 broodmothers
  A deep elf annihilator (Vaults:3)
  8 dire elephants
  8 bunyips
  10 spark wasps
  Azrael (Orc:2)
  An eidolon (Vaults:3)
  4 crystal guardians
  2 blizzard demons (WizLab)
  A shambling mangrove (Swamp:4)
  7 yaktaur captains
  9 entropy weavers
  9 great orbs of eyes
  Erolcha (Orc:1)
  27 hydras
  3 vault guards
  A deep elf high priest (Vaults:2)
  7 peacekeepers
  5 spriggan air magi (WizLab)
  A catoblepas (Lair:1)
  11 ironbound frosthearts
  A merfolk avatar (Lair:5)
  9 radroaches
  3 ghost crabs
  5 ogre magi
  13 boulder beetles
  10 centaur warriors
  16 alligators
  A jorogumo (Spider:1)
  Erica (D:8)
  8 dancing weapons
  22 two-headed ogres
  10 demonic crawlers
  A death knight (D:14)
  An occultist (Elf:1)
  A deep troll earth mage (D:15)
  3 shock serpents (WizLab)
  Sonja (Lair:5)
  Nergalle (Lair:1)
  Urug (Lair:3)
  3 deep elf knights
  8 pharaoh ants
  Amaemon (Lair:3)
  2 death drakes (WizLab)
  A skeletal warrior (D:14)
  A sun moth (Spider:3)
  8 goliath frogs
  5 spriggan druids
  2 sea snakes
  6 glowing orange brains
  9 swamp dragons
  27 deep trolls
  9 orb spiders
  11 bog bodies
  33 slime creatures
  7 deep elf archers (Elf:1)
  6 arcanists
  8 lindwurms
  13 ironbound convokers
  12 deep elf zephyrmancers
  6 harpies
  A mana viper (shapeshifter) (Elf:1)
  A necromancer (Vaults:3)
  16 orc knights
  11 steelbarb worms
  21 ugly things
  17 wolf spiders
  19 deep elf pyromancers
  6 cyclopes
  5 orc sorcerers
  7 manticores
  3 will-o-the-wisps
  2 black mambas
  3 apocalypse crabs (WizLab)
  3 moths of wrath
  18 elephants
  15 vault sentinels
  13 cane toads
  An unseen horror (D:11)
  2 gargoyles
  4 orange demons
  7 torpor snails
  Maggie (D:8)
  7 rime drakes
  An efreet (D:15)
  29 yaktaurs
  3 freezing wraiths
  9 komodo dragons
  5 trolls
  A bloated husk (Swamp:2)
  5 meliai
  A polar bear (shapeshifter) (D:15)
  28 tarantellas
  A wind drake (WizLab)
  4 hornets
  6 tyrant leeches
  6 polar bears
  10 dream sheep (Lair:4)
  8 blink frogs
  Sigmund (D:2)
  A snapping turtle (Lair:5)
  A jumping spider (shapeshifter) (D:14)
  31 jumping spiders
  A shadow (D:10)
  2 water elementals (Elf:1)
  6 spriggans
  4 wraiths
  18 yaks
  16 culicivoras
  3 wyverns
  4 fire elementals
  A steam dragon (shapeshifter) (D:14)
  14 air elementals
  A steam dragon (D:7)
  4 basilisks
  23 vampire mosquitoes
  59 redbacks
  18 swamp worms
  9 water moccasins
  An acid dragon (D:12)
  A harpy simulacrum (D:15)
  3 wargs
  Duvessa (D:4)
  A hell hound (Orc:2)
  2 sky beasts
  5 large abominations (D:10)
  12 orc warriors
  8 swamp drakes
  4 black bears
  6 ice beasts (D:11)
  27 ogres
  2 boggarts
  17 wolves
  5 centaurs
  3 kobold brigands
  Blork the orc (D:5)
  15 bullfrogs
  5 scorpions (Orc:1)
  3 earth elementals
  4 wights (D:10)
  7 small abominations (D:10)
  13 killer bees
  Dowan (D:3)
  A howler monkey (D:4)
  2 electric eels
  A human zombie (Ossuary)
  5 hounds
  15 orc priests
  8 jellies
  A sleepcap (D:5)
  3 gnoll boudas
  2 iguanas
  18 orc wizards
  Natasha (thrice) (D:3)
  3 mummies (Ossuary)
  10 adders
  7 gnolls
  A shadow imp (D:7)
  2 white imps
  3 worms
  4 adder zombies (Ossuary)
  3 dart slugs
  52 orcs
  8 ball pythons
  10 endoplasms
  4 giant cockroaches
  15 goblins
  6 hobgoblins
  6 quokkas
  12 bats
  5 frilled lizards
  A hobgoblin zombie (Ossuary)
  26 kobolds
  5 kobold zombies (Ossuary)
  An orc zombie (Ossuary)
  4 quokka zombies (Ossuary)
  4 rats (D:1)
  2 rat zombies (Ossuary)
  2 spectral weapons (Elf:1)
1394 creatures vanquished.

Vanquished Creatures (collateral kills)
  25 boulders
25 creatures vanquished.

Vanquished Creatures (others)
  A bloated husk (Swamp:4)
  5 humans (Elf:1)
  A wolf (D:11)
  An orc wizard (D:9)
  22 boulders
  2 foxfires (Swamp:3)
32 creatures vanquished.

Grand Total: 1451 creatures vanquished

Notes
Turn   | Place    | Note
-------+----------+-------------------------------------------
     0 | D:5      | GordonOverkill the Spriggan Delver began the quest for the
                  | Orb.
     0 | D:5      | Reached XP level 1. HP: 11/11 MP: 2/2
    22 | D:6      | Reached XP level 2. HP: 16/16 MP: 3/3
    47 | D:6      | Reached skill level 1 in Spellcasting
    47 | D:6      | Reached XP level 3. HP: 20/20 MP: 3/6
   125 | D:6      | Reached XP level 4. HP: 24/24 MP: 6/9
   361 | D:5      | Reached skill level 1 in Conjurations
   385 | D:5      | Noticed a water moccasin
   516 | D:4      | Identified the +0 cloak "Keoppal" {+Blink rF+}
   527 | D:4      | Noticed Dowan
   574 | D:4      | Found a transporter.
   578 | D:4      | Found a transporter.
   578 | D:4      | Noticed Vontreibholz's ghost (amateur HOFi)
   583 | D:4      | Noticed a steam dragon
   612 | D:4      | Noticed a phantom
   643 | D:3      | Noticed Natasha
   934 | D:4      | Reached XP level 5. HP: 22/28 MP: 10/10
  1064 | D:4      | Reached skill level 1 in Necromancy
  1064 | D:4      | Reached skill level 1 in Earth Magic
  1247 | D:3      | Noticed an ogre
  1439 | D:2      | Found a shimmering blue altar of Sif Muna.
  1487 | D:2      | Reached XP level 6. HP: 32/32 MP: 11/11
  1558 | D:2      | Noticed Sigmund
  1565 | D:2      | Killed Sigmund
  1612 | D:2      | Reached skill level 5 in Spellcasting
  1978 | D:2      | Became a worshipper of Sif Muna the Loreminder
  2515 | D:1      | Reached * piety under Sif Muna
  2790 | D:3      | Reached XP level 7. HP: 36/36 MP: 15/15
  2858 | D:3      | Found a blossoming altar of Fedhas.
  3021 | D:3      | Killed Natasha
  3236 | D:3      | Noticed Natasha
  3269 | D:3      | Killed Natasha
  3400 | D:3      | Noticed Natasha
  3412 | D:3      | Killed Natasha
  3788 | D:3      | Found a blossoming altar of Fedhas.
  3912 | D:4      | Noticed Duvessa
  3913 | D:4      | Found a staircase to the Ecumenical Temple.
  4102 | D:4      | Killed Duvessa
  4286 | D:4      | Found a shimmering blue altar of Sif Muna.
  4303 | D:4      | Got Sif Muna's Handbook of Chilblains
  4306 | D:4      | Got Sif Muna's Book of Poisoning
  4531 | D:4      | Found a snail-covered altar of Cheibriados.
  4948 | D:3      | Killed Dowan
  5045 | D:5      | Found Ikhla's Book Shop.
  5107 | D:5      | Reached XP level 8. HP: 40/40 MP: 18/18
  5372 | D:5      | Found an ornate altar of the Wu Jian Council.
  5494 | D:5      | Noticed Blork the orc
  5515 | D:5      | Killed Blork the orc
  6096 | D:6      | Reached skill level 5 in Necromancy
  6357 | D:6      | Found a radiant altar of Vehumet.
  6711 | D:7      | Found a sand-covered staircase.
  6717 | Ossuary  | Entered an ossuary
  6746 | Ossuary  | Reached skill level 5 in Earth Magic
  6766 | Ossuary  | Reached ** piety under Sif Muna
  6928 | D:7      | Found a flagged portal.
  6945 | Bailey   | Entered a bailey
  7172 | Bailey   | Found a large runed translucent door.
  7172 | Bailey   | Found a large runed translucent door.
  7172 | Bailey   | Noticed an orc knight
  7374 | Bailey   | Reached XP level 9. HP: 40/44 MP: 21/23
  7380 | Bailey   | Learned a level 5 spell: Borgnjor's Vile Clutch
  7784 | Bailey   | Noticed a deep elf pyromancer
  7922 | Bailey   | Killed a deep elf pyromancer
  7945 | Bailey   | Killed an orc knight
  8083 | D:7      | Found Tokhim's Overcharged Wands.
  8140 | D:7      | Noticed a komodo dragon
  8203 | D:7      | Killed a komodo dragon
  8204 | D:7      | Reached skill level 10 in Spellcasting
  9264 | D:8      | Identified the "Unacwy"
  9274 | D:8      | Reached skill level 1 in Throwing
  9307 | D:8      | Found a sacrificial altar of Ru.
  9323 | D:8      | Noticed Maggie
  9336 | D:8      | Killed Maggie
  9442 | D:8      | Found an opulent altar of Gozag.
  9518 | D:8      | Reached XP level 10. HP: 49/49 MP: 15/25
  9810 | D:8      | Noticed a cyclops
  9820 | D:8      | Killed a cyclops
  9920 | D:8      | Noticed Erica
  9926 | D:8      | Killed Erica
  9926 | D:8      | Reached *** piety under Sif Muna
 10247 | D:9      | Found a staircase to the Orcish Mines.
 11627 | D:10     | Entered Level 10 of the Dungeon
 11639 | D:10     | Noticed a two-headed ogre
 11661 | D:10     | Killed a two-headed ogre
 12119 | D:10     | Noticed a two-headed ogre
 12131 | D:10     | Killed a two-headed ogre
 12132 | D:10     | Reached XP level 11. HP: 52/52 MP: 22/28
 12337 | D:10     | Noticed an arcanist
 12358 | D:10     | Killed an arcanist
 12359 | D:10     | Reached **** piety under Sif Muna
 12431 | D:10     | Noticed a large abomination
 12849 | D:10     | Killed a large abomination
 13288 | D:10     | Found the +8 pair of quick blades "Gyre" and "Gimble"
                  | {protect}
 13583 | D:10     | Reached skill level 5 in Short Blades
 14212 | D:11     | Reached ***** piety under Sif Muna
 14372 | D:11     | Found Coucua's Assorted Antiques.
 14522 | D:11     | Found a staircase to the Lair.
 14617 | D:11     | Bought a scroll of teleportation for 93 gold pieces
 14617 | D:11     | Bought a scroll of enchant weapon for 232 gold pieces
 14617 | D:11     | Bought a potion of berserk rage for 155 gold pieces
 14617 | D:11     | Bought a scroll labelled YKUEPLE VEUDGHA for 31 gold pieces
 14696 | Lair:1   | Entered Level 1 of the Lair of Beasts
 14797 | Lair:1   | Noticed a catoblepas
 14942 | Lair:1   | Killed a catoblepas
 14943 | Lair:1   | Reached XP level 12. HP: 44/56 MP: 17/31
 15013 | Lair:1   | Identified the staff of the Firefly {rPois Int+2 Dex+3
                  | Poison}
 15415 | Lair:1   | Reached skill level 10 in Necromancy
 15591 | Lair:1   | Identified the "Vioptyde" (Sif Muna gifted it to you on
                  | level 1 of the Lair of Beasts)
 15591 | Lair:1   | Received a gift from Sif Muna
 15808 | Lair:1   | Noticed Nergalle
 15823 | Lair:1   | Killed Nergalle
 15824 | Lair:1   | Reached skill level 10 in Earth Magic
 16434 | Lair:2   | Noticed a four-headed hydra
 16442 | Lair:2   | Killed a four-headed hydra
 16443 | Lair:2   | Noticed a five-headed hydra
 16456 | Lair:2   | Killed a five-headed hydra
 16876 | Lair:2   | Found a hole to the Spider Nest.
 17315 | Lair:2   | Found a staircase to the Swamp.
 17337 | Lair:2   | Reached skill level 5 in Fighting
 17609 | Lair:2   | Noticed Gastronok
 17626 | Lair:2   | Killed Gastronok
 18060 | Lair:3   | Reached XP level 13. HP: 65/65 MP: 32/32
 18234 | Lair:3   | Found a runed translucent gate.
 18234 | Lair:3   | Found a runed translucent gate.
 18234 | Lair:3   | Found a runed translucent gate.
 18236 | Lair:3   | Noticed MacCMillion's ghost (journeyman TrSh)
 18389 | Lair:3   | Noticed Urug
 18414 | Lair:3   | Killed Urug
 18692 | Lair:3   | Noticed Amaemon
 18727 | Lair:3   | Killed Amaemon
 18728 | Lair:3   | Reached skill level 15 in Spellcasting
 18733 | Lair:3   | Reached skill level 1 in Ice Magic
 19000 | Lair:3   | Found a viscous altar of Jiyva.
 19007 | Lair:3   | Learned a level 4 spell: Brom's Barrelling Boulder
 19464 | Lair:3   | Reached skill level 2 in Ice Magic
 19771 | Lair:4   | Found a viscous altar of Jiyva.
 19793 | Lair:4   | Reached skill level 3 in Ice Magic
 19869 | Lair:4   | Found a staircase to the Slime Pits.
 19926 | Lair:4   | Reached skill level 4 in Ice Magic
 20300 | Lair:4   | Reached skill level 5 in Ice Magic
 20981 | Lair:4   | Reached skill level 6 in Ice Magic
 20985 | Lair:4   | Identified the "Exzuggu" (Sif Muna gifted it to you on
                  | level 4 of the Lair of Beasts)
 20985 | Lair:4   | Received a gift from Sif Muna
 21251 | Lair:5   | Entered Level 5 of the Lair of Beasts
 21292 | Lair:5   | Reached skill level 7 in Ice Magic
 21566 | Lair:5   | Reached skill level 8 in Ice Magic
 21750 | Lair:5   | Identified the +0 cloak of Grot {Harm rPois rF- rC+ Int+4}
 21850 | Lair:5   | Noticed Sonja
 21853 | Lair:5   | Killed Sonja
 21958 | Lair:5   | Reached XP level 14. HP: 70/70 MP: 34/34
 21995 | Lair:5   | Found a snail-covered altar of Cheibriados.
 22071 | Lair:5   | Reached skill level 9 in Ice Magic
 22491 | Lair:5   | Reached skill level 10 in Ice Magic
 22856 | Lair:5   | Acquired 743 gold pieces
 22858 | Lair:5   | Acquired 1131 gold pieces
 23001 | Lair:1   | Learned a level 7 spell: Ozocubu's Refrigeration
 24046 | D:12     | Found a runed translucent door.
 24377 | D:12     | Found a runed translucent door.
 24424 | D:12     | Found a runed translucent door.
 24476 | D:12     | Found a runed translucent door.
 24481 | D:12     | Noticed a storm dragon
 24482 | D:12     | Found the +5 Storm Queen's Shield {shock, Fly rElec}
 25121 | D:13     | Reached skill level 11 in Ice Magic
 25221 | D:13     | Found a gate to the Vaults.
 25977 | D:14     | Identified the "Koaczehi" (Sif Muna gifted it to you on
                  | level 14 of the Dungeon)
 25977 | D:14     | Received a gift from Sif Muna
 25982 | D:14     | Reached skill level 12 in Ice Magic
 28039 | Orc:1    | Entered Level 1 of the Orcish Mines
 28070 | Orc:1    | Found Uzosh's Jewellery Boutique.
 28296 | Orc:1    | Bought a +6 ring of intelligence for 612 gold pieces
 28341 | Orc:1    | Found Bito's Specific Store.
 28342 | Orc:1    | Found Witier's General Store.
 28360 | Orc:1    | Bought a scroll of summoning for 142 gold pieces
 28538 | Orc:1    | Reached skill level 13 in Ice Magic
 28538 | Orc:1    | Reached XP level 15. HP: 30/73 MP: 35/35
 28955 | Orc:1    | Noticed Erolcha
 28960 | Orc:1    | Killed Erolcha
 29126 | Orc:2    | Entered Level 2 of the Orcish Mines
 29273 | Orc:2    | Found Zioj Puidd's CLEARANCE SALE!.
 29298 | Orc:2    | Bought a potion of heal wounds for 30 gold pieces
 29298 | Orc:2    | Bought a potion of magic for 48 gold pieces
 29298 | Orc:2    | Bought a potion of haste for 60 gold pieces
 29320 | Orc:2    | Noticed Azrael
 29323 | Orc:2    | Killed Azrael
 29587 | Orc:2    | Found Mebbocs's Weapon Emporium.
 29587 | Orc:2    | Found Rothrount's Book Shop.
 29588 | Orc:2    | Found Uzayruf's Assorted Antiques.
 29588 | Orc:2    | Found Biwkiq's Magic Scroll Shop.
 29600 | Orc:2    | Received a gift from Sif Muna
 29604 | Orc:2    | Reached skill level 14 in Ice Magic
 30120 | Orc:2    | Bought a scroll of fear for 60 gold pieces
 30120 | Orc:2    | Bought a scroll of blinking for 112 gold pieces
 30120 | Orc:2    | Bought a scroll of revelation for 112 gold pieces
 30120 | Orc:2    | Bought a scroll of revelation for 112 gold pieces
 30121 | Orc:2    | Bought a scroll of revelation for 270 gold pieces
 30121 | Orc:2    | Bought a scroll of amnesia for 144 gold pieces
 30121 | Orc:2    | Bought a potion of curing for 108 gold pieces
 30121 | Orc:2    | Bought a scroll of revelation for 270 gold pieces
 30122 | Orc:2    | Bought an Inescapable Atlas for 272 gold pieces
 30125 | Orc:2    | Learned a level 2 spell: Blink
 30293 | Orc:2    | Found a staircase to the Elven Halls.
 32015 | D:15     | Entered Level 15 of the Dungeon
 32312 | D:15     | Reached skill level 15 in Ice Magic
 32373 | D:15     | Noticed a storm dragon
 32377 | D:15     | Killed a storm dragon
 32584 | D:15     | Found a staircase to the Depths.
 33353 | Spider:1 | Entered Level 1 of the Spider Nest
 33561 | Spider:1 | Reached skill level 1 in Invocations
 33580 | Spider:1 | You fall into a shaft and drop 1 floor!
 33989 | Spider:2 | Identified the "Niosch" (Sif Muna gifted it to you on
                  | level 2 of the Spider Nest)
 33989 | Spider:2 | Received a gift from Sif Muna
 34108 | Spider:2 | Identified the ring "Omeizeng" {Will+ Int+5 SInv}
 34767 | Spider:2 | Reached skill level 5 in Invocations
 35078 | Spider:2 | Reached XP level 16. HP: 80/80 MP: 36/36
 36328 | Spider:1 | Learned a level 4 spell: Dispel Undead
 38766 | Swamp:1  | Entered Level 1 of the Swamp
 39072 | Swamp:1  | Noticed Jorgrun
 39087 | Swamp:1  | Identified the of Vatoisom (Sif Muna gifted it to you on
                  | level 1 of the Swamp)
 39087 | Swamp:1  | Received a gift from Sif Muna
 39341 | Swamp:1  | Killed Jorgrun
 39469 | Swamp:1  | Noticed Louise
 39475 | Swamp:1  | Killed Louise
 39719 | Swamp:1  | Noticed Mlioglotl
 39764 | Swamp:1  | Noticed a kraken
 40622 | Swamp:2  | Reached skill level 16 in Ice Magic
 40624 | Swamp:2  | Reached skill level 1 in Evocations
 41391 | Swamp:3  | Reached skill level 5 in Evocations
 41858 | Swamp:3  | Noticed a thorn hunter
 41861 | Swamp:3  | Killed a thorn hunter
 41932 | Swamp:3  | Reached XP level 17. HP: 85/85 MP: 30/39
 42484 | Swamp:3  | Identified the "Pumucimp" (Sif Muna gifted it to you on
                  | level 3 of the Swamp)
 42484 | Swamp:3  | Received a gift from Sif Muna
 42853 | Swamp:4  | Entered Level 4 of the Swamp
 43996 | Swamp:4  | Reached skill level 10 in Fighting
 45242 | Swamp:4  | Noticed the 27-headed Lernaean hydra
 45257 | Swamp:4  | Killed the 27-headed Lernaean hydra
 45435 | Swamp:4  | Got a decaying rune of Zot
 45523 | Swamp:4  | Identified the +6 flail of Res Nullius {flame, Str+3}
 45980 | D:13     | Upgraded the game from 0.31-a0-1009-g454b1f1e0a to
                  | 0.31-a0-1019-g3dd9dd1025
 45987 | Vaults:1 | Entered Level 1 of the Vaults
 46084 | Vaults:1 | Reached skill level 17 in Ice Magic
 46087 | Vaults:1 | Learned a level 2 spell: Passwall
 46624 | Vaults:1 | Reached skill level 1 in Transmutations
 47297 | Vaults:1 | Identified the "Soaddai" (Sif Muna gifted it to you on
                  | level 1 of the Vaults)
 47297 | Vaults:1 | Received a gift from Sif Muna
 47311 | Vaults:1 | Learned a level 9 spell: Polar Vortex
 47573 | Vaults:1 | Reached XP level 18. HP: 93/93 MP: 40/40
 48294 | Vaults:1 | Reached skill level 10 in Invocations
 50543 | Lair:2   | Killed MacCMillion's ghost
 50745 | Spider:3 | Reached skill level 18 in Ice Magic
 52713 | Spider:3 | Noticed Arachne
 52719 | Spider:3 | Killed Arachne
 53139 | Spider:3 | Identified the "Kifill" (Sif Muna gifted it to you on
                  | level 3 of the Spider Nest)
 53139 | Spider:3 | Received a gift from Sif Muna
 53397 | Spider:3 | Reached ****** piety under Sif Muna
 53625 | Spider:4 | Entered Level 4 of the Spider Nest
 53764 | Spider:4 | Reached skill level 19 in Ice Magic
 55225 | Spider:4 | Reached XP level 19. HP: 98/98 MP: 26/41
 55906 | Spider:4 | Identified the "Cygonunu" (Sif Muna gifted it to you on
                  | level 4 of the Spider Nest)
 55906 | Spider:4 | Identified the "Fisoatue" (Sif Muna gifted it to you on
                  | level 4 of the Spider Nest)
 55906 | Spider:4 | Identified the of Hudocoupn (Sif Muna gifted it to you on
                  | level 4 of the Spider Nest)
 55906 | Spider:4 | Received a gift from Sif Muna
 56764 | Spider:4 | Got a gossamer rune of Zot
 56767 | Spider:4 | Identified the +2 pair of gloves "Zoerin Okku" {rC+++ rN+
                  | Will+ Dex-5}
 57776 | Vaults:2 | Reached skill level 20 in Ice Magic
 60147 | WizLab   | Identified the "Pinalipn"
 60190 | Vaults:3 | Found a staircase to the Crypt.
 60738 | Vaults:3 | Found a magical portal.
 60743 | WizLab   | Entered The Chambers of the Cloud Mage
 60834 | WizLab   | Identified the "Fant" (Sif Muna gifted it to you in a
                  | wizard's laboratory)
 60834 | WizLab   | Received a gift from Sif Muna
 60946 | WizLab   | Paralysed by an air elemental for 1 turns
 61044 | WizLab   | Reached skill level 21 in Ice Magic
 61723 | WizLab   | HP: 2/98 [spriggan air mage/bolt of lightning (41)]
 61891 | WizLab   | Noticed Jozoolun
 61896 | WizLab   | Killed Jozoolun the Cloud Mage
 62125 | Vaults:3 | Upgraded the game from 0.31-a0-1019-g3dd9dd1025 to
                  | 0.31-a0-1036-g31867e143a
 63300 | Vaults:3 | Reached XP level 20. HP: 102/102 MP: 31/42
 64567 | Vaults:3 | Reached skill level 22 in Ice Magic
 64700 | Vaults:3 | Received a gift from Sif Muna
 67387 | Vaults:4 | Acquired 1103 gold pieces
 68377 | Vaults:4 | Reached skill level 23 in Ice Magic
 69044 | Vaults:1 | Identified the "Lakip" (Sif Muna gifted it to you on level
                  | 1 of the Vaults)
 69044 | Vaults:1 | Received a gift from Sif Muna
 69380 | Crypt:3  | Identified the of Feapniy
 69380 | Elf:1    | Entered Level 1 of the Elven Halls
 69900 | Elf:1    | Noticed Roxanne
 69910 | Elf:1    | Noticed Kirke
 69919 | Elf:1    | Killed Kirke
 70853 | Elf:1    | Paralysed by an air elemental for 1 turns
 71029 | Elf:1    | Noticed Asterion
 71049 | Elf:1    | Killed Asterion
 71445 | Elf:1    | Found Lasopnef's Antique Armour Emporium.
 71472 | Elf:1    | Bought a glowing scarf for 240 gold pieces
 71575 | Elf:1    | Found an ancient bone altar of Kikubaaqudgha.
 71982 | Elf:2    | Reached XP level 21. HP: 59/110 MP: 39/43
 72036 | Elf:2    | Learned a level 8 spell: Lehudib's Crystal Spear
 73085 | Elf:2    | Found a runed translucent gate.
 73085 | Elf:2    | Found a runed translucent gate.
 73085 | Elf:2    | Found a runed translucent gate.
 73098 | Elf:2    | Mangled by a +2 glaive of venom

Illustrated notes

Levels and vault maps discovered:
D:1:      scummos_arrival_gate, layout_rooms, chequers_arboretum,
          kennysheep_boxes
D:2:      layout_rooms, basic_altar, uniq_sigmund
D:3:      minmay_door_path, layout_basic, fedhas_altar_4, kennysheep_donut,
          uniq_natasha
D:4:      layout_basic, kennysheep_little_box, nicolae_sif_muna_little_library,
          minmay_temple_entry_enclosed_plants, gammafunk_ghost_arena,
          minmay_pentangle, uniq_duvessa
D:5:      layout_loops_corners, mainiacjoe_overflow_boulevard, serial_shops,
          shop, uniq_blork_the_orc
D:6:      layout_basic, old_standard_altar
D:7:      layout_loops_corners, nicolae_ossuary_entry_plus, enter_bailey_3,
          nicolae_shop_overcharged_wands
D:8:      layout_loops_ring, mainiacjoe_overflow_chevrons,
          mainiacjoe_overflow_catwalk, kennysheep_just_a_vault, uniq_maggie,
          uniq_erica
D:9:      layout_long_grid, orc_0_dummy, minivault_19
D:10:     layout_basic, laboratory
D:11:     layout_rooms, hellmonk_lair_entry_icy, serial_shops,
          nicolae_stop_n_shop_1
D:12:     layout_long_grid, nicolae_guarded_unrand_storm_shield
D:13:     layout_loops_ring, erik_vaults_1
D:14:     layout_layer_cave, serial_bayou_shore_b, fountainhead
D:15:     hellmonk_depths_entry_around_the_bend, layout_loops_ring,
          dk_noncrumbling_3
Lair:1:   layout_cave_pods, beast_lair_carwin_8, uniq_nergalle
Lair:2:   layout_regular_city, minmay_swamp_entry_worms,
          nicolae_spider_entry_orb_guardian, serial_bayou_shore_a,
          uniq_gastronok
Lair:3:   layout_gridlike, gammafunk_ghost_ooze, chequers_serial_rivers_room_b,
          uniq_amaemon, uniq_urug
Lair:4:   layout_big_grid, slime_entry_2, dreamdust_gnoll_shepherd
Lair:5:   gammafunk_lair_ancient_temple, layout_regular_city, st_stairs_9,
          kennysheep_snail_temple, grunt_megastairs_2, uniq_sonja
Swamp:1:  layout_falls_marsh, evilmike_swamp_ruin_house_6, swamp_pool_5,
          nicolae_swamp_thats_no_hydra, uniq_jorgrun, uniq_mlioglotl,
          uniq_louise
Swamp:2:  layout_basic_swamp, evilmike_swamp_ruin_house_5
Swamp:3:  layout_falls_marsh, evilmike_swamp_ruin_house_1
Swamp:4:  grunt_swamp_rune_castle, layout_basic_swamp, nicolae_swamp_bunyip_nook
Spider:1: layout_spider_delve
Spider:2: layout_chambers, nicolae_spider_cling_ruins, spiders_nest_spider_trap
Spider:3: nicolae_spider_hall_of_the_moth_king, uniq_arachne
Spider:4: hellmonk_spider_rune_bug_friends
Orc:1:    layout_caves, nicolae_specific_store, minmay_shop_enchanted_jewellery,
          einodemon_barbed_minivault, uniq_erolcha
Orc:2:    st_orc_ogre_mass, layout_diamond_mine, nicolae_shop_clearance,
          uniq_azrael
Elf:1:    nicolae_elf_arrival_aired_out, layout_loops_corners, serial_shops,
          nicolae_shop_tiny_waterfront, basic_altar, hangedman_elf_disciples,
          uniq_roxanne, uniq_kirke, uniq_asterion
Elf:2:    nicolae_elf_blades_splatter_lattice [nicolae_blade_bullseye],
          layout_geoelf_grid
Vaults:1: nicolae_vaults_closet_pinwheel_4, vaults_room_pool,
          vaults_room_semicircle, v_pattern_1, v_alt_pattern_6,
          nicolae_vaults_rhombus_6, hangedman_vaults_hat, st_lattice,
          nicolae_vaults_network_quinsquares
          [nicolae_vaults_network_quincunx_subvault,
          nicolae_vaults_network_quincunx_subvault,
          nicolae_vaults_network_quincunx_subvault,
          nicolae_vaults_network_quincunx_subvault], dpeg_vaults_monster_box,
          layout_vaults_omnicross
Vaults:2: nicolae_vaults_shipping_containers_5, hangedman_vaults_cutoff,
          v_misc_26, nicolae_vaults_network_barrier,
          nicolae_vaults_offset_grid_hallway_4, nicolae_vaults_cochlea,
          nicolae_vaults_big_ls, hangedman_vaults_corner,
          nicolae_vaults_steering_wheel, vaults_mumra_chevron, v_alt_pattern_4,
          layout_vaults_maze
Vaults:3: mu_enter_wizlab_1, nicolae_vaults_network_star,
          minmay_crypt_entry_simple_corners,
          nicolae_vaults_trapezoid_lopsided_2, nicolae_vaults_cochlea,
          nicolae_vaults_doubleplus_tesselated, nicolae_vaults_cornered_office,
          vaults_room_grunt_arrival_ludios, v_alt_pattern_2,
          nicolae_vaults_closet_pinwheel_3, nicolae_vaults_diagonal_hallway_7,
          v_misc_24, nooodl_orcs_dogs, nicolae_vaults_prndl,
          nicolae_vaults_octothorpe, ontoclasm_vaults_bender,
          nicolae_vaults_apartment_2, layout_vaults_omnibox
Vaults:4: v_pattern_3, nicolae_vaults_know_your_exits,
          nicolae_vaults_diagonal_hallway_6, nicolae_vaults_little_squares_3,
          nicolae_vaults_more_shelving_2, hangedman_vaults_cutoff,
          nicolae_vaults_tetromino_L_2, vaults_dpeg_encased_lava,
          layout_vaults_omnigrid

Skill      XL: |  1  2  3  4  5  6  7  8  9 10 11 12 13 14 15 16 17 18 19 20 |
---------------+-------------------------------------------------------------+-----
Fighting       | 3 6 7 10 11 | 11.9
Short Blades   | 3 7 9 |  9.0
Spellcasting   | 1 3 5 6 9 10 12 14 15 17 | 17.0
Conjurations   | 2 3 |  3.2
Necromancy     | 2 3 4 5 7 8 9 10 | 10.0
Earth Magic    | 1 2 3 5 6 8 9 10 | 10.0
Throwing       | 1 |  1.0
Ice Magic      | 8 13 15 16 17 19 21 23 | 23.0
Invocations    | 5 7 9 10 | 10.0
Evocations     | 5 |  5.0
Transmutations | 1 |  1.0
Dodging        | |  2.6
Stealth        | |  7.2

Action                     |  1- 3 |  4- 6 |  7- 9 | 10-12 | 13-15 | 16-18 | 19-21 || total
---------------------------+-------+-------+-------+-------+-------+-------+-------++-------
  Melee: Short sword       |     3 |   424 |   158 |       |       |       |       ||   585
         Punch             |       |     3 |     8 |     5 |       |       |       ||    16
         Dagger            |       |       |   332 |   169 |       |       |       ||   501
         Pair of quick bla |       |       |       |   696 |  1696 |   234 |    90 ||  2716
         Staff             |       |       |       |       |       |       |    62 ||    62
  Throw: Boomerang         |       |     9 |    52 |     7 |       |       |       ||    68
         Dart              |       |       |       |       |       |     4 |       ||     4
   Cast: Borgnjor's Vile C |       |       |    25 |   142 |   218 |    27 |    34 ||   446
         Brom's Barrelling |       |       |       |       |    90 |     3 |       ||    93
         Ozocubu's Refrige |       |       |       |       |   104 |   664 |   474 ||  1242
         Blink             |       |       |       |       |       |     1 |       ||     1
         Polar Vortex      |       |       |       |       |       |       |    37 ||    37
 Invoke: Channel Magic     |       |       |       |       |       |       |     5 ||     5
  Evoke: Wand              |       |     4 |     4 |       |     2 |     2 |     6 ||    18
         Box of beasts     |       |       |       |       |       |     2 |       ||     2
    Use: Scroll            |       |     9 |    11 |     8 |    15 |     7 |     9 ||    59
         Potion            |       |       |     3 |     1 |     2 |     6 |    13 ||    25
   Stab: Sleeping          |     3 |    21 |    20 |    19 |    13 |     2 |     3 ||    81
 Armour: Robe              |       |   135 |   203 |       |       |       |       ||   338
         Steam dragon scal |       |       |     4 |   257 |   498 |   183 |   176 ||  1118
  Dodge: Dodged            |       |   345 |   364 |   387 |   508 |   152 |   107 ||  1863

Table legend: (Time is in decaauts)
 A = Elapsed time spent in this place.
 B = Non-inter-level travel time spent in this place.
 C = Inter-level travel time spent in this place.
 D = Time resting spent in this place.
 E = Time spent auto-exploring this place.
 F = Levels seen in this place.
 G = Mean time per level.
                   A        B        C        D        E       F      G
               +--------+--------+--------+--------+--------+-----+--------+
         Total |  62629 |  60206 |   2423 |  33551 |  16004 |  39 | 1605.9 |
       Dungeon |  16874 |  15853 |   1021 |   5605 |   6578 |  15 | 1124.9 |
          Lair |   7205 |   6758 |    447 |   2878 |   2455 |   5 | 1441.0 |
         Swamp |   6726 |   6600 |    126 |   4836 |   1092 |   4 | 1681.5 |
   Spider Nest |  10792 |  10420 |    372 |   7577 |   1684 |   4 | 2698.0 |
  Orcish Mines |   2003 |   1955 |     48 |    950 |    725 |   2 | 1001.5 |
   Elven Halls |   3269 |   3247 |     22 |   1892 |    998 |   2 | 1634.5 |
        Vaults |  13391 |  13006 |    385 |   8689 |   2407 |   4 | 3347.8 |
       Ossuary |    138 |    138 |      0 |      0 |      0 |   1 |  138.0 |
        Bailey |    976 |    976 |      0 |    322 |     30 |   1 |  976.0 |
        Wizlab |   1250 |   1250 |      0 |    798 |     32 |   1 | 1250.0 |
               +--------+--------+--------+--------+--------+-----+--------+

Top non-repeatable levels by time:
Vaults:1: 4249 daAuts
Vaults:3: 3330 daAuts
Spider:2: 3229 daAuts
Vaults:2: 3198 daAuts
 Swamp:3: 2752 daAuts
Spider:3: 2662 daAuts
Vaults:4: 2612 daAuts
Spider:4: 2486 daAuts
    D:14: 2467 daAuts
Spider:1: 2413 daAuts
   Elf:1: 2075 daAuts
    D:10: 2058 daAuts
  Lair:2: 1823 daAuts
 Swamp:4: 1604 daAuts
    D:12: 1435 daAuts
